 Dungeon Crawl Stone Soup version 0.30.1 (webtiles) character file.

Game seed: 411254502389278470

90 Graphine the Covered (level 4, -1/40 HPs)
             Began as an Armataur Fighter on July 7, 2023.
             Slain by a gnoll
             ... wielding a +0 halberd
              (5 damage)
             ... on level 3 of the Dungeon.
             The game lasted 00:03:08 (2068 turns).

Graphine the Covered (Armataur Fighter)             Turns: 2068, Time: 00:03:09

Health: -1/40      AC: 16    Str: 23    XL:     4   Next: 32%
Magic:  4/4        EV:  6    Int:  8    God:
Gold:   3          SH:  4    Dex: 10    Spells: 3/3 levels left

rFire   . . .        m - +0 morningstar (protect)
rCold   . . .        c - +0 buckler
rNeg    . . .        h - +0 chain mail
rPois   .            (no helmet)
rElec   .            o - +0 cloak
rCorr   .            (no gloves)
SInv    +            (no barding)
Will    .....        (no amulet) Stlth
                     f - ring of see invisible
HPRegen 0.26/turn    (no ring)
MPRegen 0.09/turn

%: roll
@: under a protective aura
A: large, rugged brown scales 3, deformed body, armoured tail, roll, long
tongue, awkward tongue
a: no special abilities


You were on level 3 of the Dungeon.
You visited 1 branch of the dungeon, and saw 3 of its levels.

You collected 91 gold pieces.
You spent 88 gold pieces at shops.

Inventory:

Hand Weapons
 m - a +0 morningstar of protection (weapon)
 n - a +2 quarterstaff of chaos
 p - a +0 hammer
Armour
 c - a +0 buckler (worn)
 h - a +0 chain mail (worn)
 o - a +0 cloak (worn)
Jewellery
 f - a ring of see invisible (left hand)
Wands
 a - a wand of flame (19)
Scrolls
 l - a scroll of teleportation
Potions
 b - a potion of magic
 d - a potion of might
 e - 2 potions of mutation {unknown}
 g - a potion of curing {unknown}
 i - a potion of brilliance {unknown}


   Skills:
 + Level 3.2 Fighting
 + Level 2.5 Maces & Flails
 + Level 4.3 Armour
 + Level 0.8 Dodging
 + Level 3.8 Shields


You had 3 spell levels left.
You didn't know any spells.
Your spell library was empty.

Dungeon Overview and Level Annotations

Branches:
Dungeon (3/15)

Altars:

Shops:
D:2 (


Innate Abilities, Weirdness & Mutations

You are completely covered in rugged brown scales. (AC +3, +7% HP)
Armour fits poorly on your strangely shaped body.
You have a long armoured tail.
You roll when moving toward enemies. (Rampage)
Your long tongue fully drains potion bottles. (2x potion effects)
Your tongue gives you trouble enunciating. (1.5x scroll delay)


Message History

You kill the gnoll!
The bat hits you but does no damage. The gnoll barely misses you.
The gnoll hits you but does no damage. The bat hits you but does no damage.
You miss the bat. The bat hits you but does no damage.
The gnoll hits you but does no damage. The gnoll completely misses you.
The bat hits you but does no damage.
You barely miss the bat. The bat barely misses you. You block the bat's attack.
The bat barely misses you.
The gnoll hits you but does no damage. x2
You block the gnoll's attack.
The gnoll hits you from afar with a +0 halberd.
The bat hits you but does no damage. The gnoll hits you with a +0 halberd.
You hit the gnoll but do no damage.
Your weapon exudes an aura of protection.
You tail-slap the gnoll.
The gnoll is moderately wounded.
The bat hits you but does no damage. You block the bat's attack.
The gnoll hits you but does no damage. x2
You barely miss the gnoll.
The gnoll is moderately wounded.
The bat hits you but does no damage. The gnoll hits you with a +0 halberd!
You block the gnoll's attack. The bat hits you but does no damage.
The gnoll hits you from afar with a +0 spear.
The gnoll hits you with a +0 halberd!
* * * LOW HITPOINT WARNING * * *
You closely miss the gnoll.
The gnoll is moderately wounded.
The bat hits you but does no damage. The gnoll hits you with a +0 halberd.
* * * LOW HITPOINT WARNING * * *
The gnoll hits you from afar with a +0 spear.
* * * LOW HITPOINT WARNING * * *
You hit the gnoll but do no damage.
Your weapon exudes an aura of protection.
The gnoll is moderately wounded.
The bat barely misses you. You block the gnoll's attack.
The gnoll hits you from afar with a +0 spear.
* * * LOW HITPOINT WARNING * * *
You hit the gnoll.
The gnoll is heavily wounded.
The bat hits you but does no damage. The gnoll hits you with a +0 halberd.
You die...

.#. ... ...#
## ..#..
.####...
..#..#
#####)..##.#
#..b.<.....#
#..g@.g......
#....<......#
#....##...###
#..... .###
#....# ##
#....# #....#
#....#


You could see 2 gnolls and a bat.

Vanquished Creatures
  Crazy Yiuf (D:2)
  A gnoll (D:3)
  An adder (D:2)
  7 ball pythons
  5 bats
  3 endoplasms
  2 giant cockroaches (D:1)
  A goblin (D:2)
  2 hobgoblins
  2 jackals (D:1)
  7 kobolds
  A frilled lizard (D:1)
  4 rats
37 creatures vanquished.

Notes
Turn   | Place    | Note
-------+----------+-------------------------------------------
     0 | D:1      | Graphine the Armataur Fighter began the quest for the Orb.
     0 | D:1      | Reached XP level 1. HP: 19/19 MP: 1/1
   211 | D:1      | Reached XP level 2. HP: 26/26 MP: 2/2
   571 | D:1      | Reached skill level 4 in Armour
  1005 | D:2      | Found Usoenach's Weapon Shop.
  1044 | D:2      | Reached XP level 3. HP: 29/32 MP: 3/3
  1487 | D:2      | Bought a +0 morningstar of protection for 88 gold pieces
  1510 | D:2      | Found a runed translucent door.
  1511 | D:2      | Noticed Crazy Yiuf
  1931 | D:2      | Killed Crazy Yiuf
  1932 | D:2      | Reached XP level 4. HP: 15/40 MP: 4/4
  2068 | D:3      | Slain by a gnoll

Illustrated notes

Levels and vault maps discovered:
D:1:      mrwooster_arrival_arrow, layout_loops_ring, minmay_shallow_snake_nest
D:2:      layout_basic, shapermc_ecumenical_altar_mp_urbaneastern, serial_shops,
          nicolae_shop_hallway_plus, minmay_tree_intersection,
          columned_hall_lemuel, uniq_crazy_yiuf_cottage
D:3:      layout_rooms, minmay_misc_feat_secret_circle

Skill      XL: |  1  2  3 |
---------------+----------+-----
Maces & Flails | 2 |  2.5
Armour         | 4 |  4.3
Fighting       | 3 |  3.2
Dodging        | |  0.8
Shields        | |  3.8

Action                     |  1- 3 |  4- 6 || total
---------------------------+-------+-------++-------
  Melee: Flail             |    70 |       ||    70
         Tailslap          |     6 |     2 ||     8
         Morningstar       |    10 |    14 ||    24
    Use: Scroll            |     2 |     2 ||     4
 Armour: Scale mail        |    12 |       ||    12
         Chain mail        |    27 |    29 ||    56
  Dodge: Dodged            |    20 |    15 ||    35
  Block: Buckler           |     6 |     9 ||    15
